Workbook

Sheet Expenditure 2026-2027
A1: 1
B2: Over Parish Council | D2: April 2026-March 2027
B3: EXPENDITURE
A4: Date | B4: Payee | C4: Details | D4: Payment | E4: Paid | F4: BANK | G4: Creditors 2023/2024 | H4: VAT | I4: Salaries & Employers Oncosts | J4: Officers Training & Travel | K4: Stationary / Admin Expenses / Cleaning Products | L4: PC meeting exp | M4: Insurance | N4: Grants / Donations | O4: Memberships/ Internal/ External Audit / Elections | P4: Grass Cutting Services / Tree Works/ Water Charge | Q4: Street Lighting & Maintenance/ Heating | R4: Village Maintenance | S4: Pavillion | T4: Play Areas | U4: Overcote, Gravel | V4: CCTV | W4: Website | X4: Santa Trip / Christmas Lights / Remembrance Parade / Fireworks | Y4: Skatepark Project | Z4: Green Contract | AA4: OCA Project | AB4: S106 | AC4: Defibs | AD4: Ponds
F6: £ | H6: £ | I6: £ | J6: £ | K6: £ | O6: £ | P6: £ | Q6: £ | R6: £ | S6: £ | T6: £ | U6: £ | V6: £ | W6: £ | X6: £ | Y6: £ | Z6: £ | AA6: £ | AB6: £ | AC6: £ | AD6: £
A7: April | B7: Clerk’s Salary | C7: Payroll | D7: 1389.27 | E7: # | F7: 1389.27 | I7: 1389.27
A8: April | B8: Clerk’s | C8: Working from home allowance | D8: 25 | E8: # | F8: 25 | I8: 25
A9: April | B9: HMRC | C9: PAYE and NI | D9: 125.7 | E9: # | F9: 125.7 | I9: 125.7
A10: April | B10: HMRC | C10: Employer NI | D10: 168.72 | E10: # | F10: 168.72 | I10: 168.72
A11: April | B11: NEST Pension | C11: Employee contribution | D11: 61.67 | E11: # | F11: 61.67 | I11: 61.67
A12: April | B12: NEST Pension | C12: Employer Contribution | D12: 46.25 | E12: # | F12: 46.25 | I12: 46.25
A13: April | B13: Microsoft | C13: Monthly Charge | D13: 52.16 | E13: # | F13: 52.16 | H13: 8.69 | K13: 43.47
A14: April | B14: Microsoft | C14: Monthly Charge | D14: 10.21 | E14: # | F14: 10.21 | H14: 1.7 | K14: 8.51
A15: April | B15: SCDC | C15: Monthly collection charge | D15: 243.75 | E15: # | F15: 243.75 | R15: 243.75
A16: April | B16: Over Enterprise | C16: Hire of Seminar Room | D16: 52.2 | E16: # | F16: 52.2 | H16: 8.7 | L16: 43.5
A17: April | B17: Advance Security Ltd | C17: Annual CCTV service/maintenance | D17: 300 | E17: # | F17: 300 | H17: 50 | V17: 250
A18: April | B18: MC Groundcare | C18: Supply & fit height barrier, grass cutting | D18: 3594 | E18: # | F18: 3594 | H18: 599 | U18: 2995
A19: April | B19: British Gas | C19: Electricity charges - Pavilion | D19: 190.07 | E19: # | F19: 190.07 | H19: 9.05 | S19: 181.02
A20: April | B20: Npower | C20: Electricity charges - The Doles | D20: 57.81 | E20: # | F20: 57.81 | H20: 2.75 | Q20: 55.06
A21: April | B21: Pennon Water | C21: Water charges | D21: 48.03 | E21: # | F21: 48.03 | P21: 48.03
A22: April | B22: David Bridgman | C22: March Maintenance | D22: 170 | E22: # | F22: 170 | P22: 170 | R22: 85
A23: April | B23: David Bridgman | C23: March Cleaning | D23: 85 | E23: # | F23: 85
A24: April | B24: MC Groundcare | C24: Grass Cutting at the green | D24: 204 | E24: # | F24: 204 | Z24: 204
A25: April | B25: MC Groundcare | C25: Grass Cutting at the green | D25: 408 | E25: # | F25: 408 | Z25: 408
A26: April | B26: Lloyds | C26: Service charges | D26: 4.25 | E26: # | F26: 4.25 | K26: 4.25
A27: April | B27: FOPS Donation | C27: Donation for play equipment | D27: 10000 | E27: # | F27: 10000 | N27: 10000
A28: May | B28: Clerk’s Salary | C28: Payroll | D28: 1389.27 | E28: # | F28: 1389.27 | I28: 1389.27
A29: May | B29: Clerk’s | C29: Working from home allowance | D29: 25 | E29: # | F29: 25 | I29: 25
A30: May | B30: HMRC | C30: PAYE and NI | D30: 125.7 | E30: # | F30: 125.7 | I30: 125.7
A31: May | B31: HMRC | C31: Employer NI | D31: 168.72 | E31: # | F31: 168.72 | I31: 168.72
A32: May | B32: NEST Pension | C32: Employee contribution | D32: 61.67 | E32: # | F32: 61.67 | I32: 61.67
A33: May | B33: NEST Pension | C33: Employer Contribution | D33: 46.25 | E33: # | F33: 46.25 | I33: 46.25
A34: May | B34: Microsoft | C34: Monthly Charge | D34: 52.16 | E34: # | F34: 52.16 | H34: 8.69 | K34: 43.47
A35: May | B35: Microsoft | C35: Monthly Charge | D35: 10.21 | E35: # | F35: 10.21 | H35: 1.7 | K35: 8.51
A36: May | B36: SCDC | C36: Monthly collection charge | D36: 243.75 | E36: # | F36: 243.75 | P36: 243.75
A37: May | B37: Over Enterprise | C37: Hire of Seminar Room | D37: 36 | E37: # | F37: 36 | H37: 6 | L37: 30
A38: May | B38: Viking | C38: Printer Ink | D38: 75.53 | E38: # | F38: 75.53 | H38: 12.59 | K38: 62.94
A39: May | B39: MC Groundcare | C39: Grass cutting/Bins Overcote | D39: 666 | E39: # | F39: 666 | H39: 111 | U39: 555
A40: May | B40: CAPALC | C40: Membership Fee | D40: 830.44 | E40: # | F40: 830.44 | O40: 830.44
A41: May | B41: David Bridgman | C41: Cleaning | D41: 85 | E41: # | F41: 85 | R41: 85
A42: May | B42: David Bridgman | C42: Green maintenance | D42: 238 | E42: # | F42: 238 | R42: 238
A43: May | B43: MC Groundcare | C43: Grass Cutting | D43: 420 | E43: # | F43: 420 | P43: 420
A44: May | B44: Lloyds | C44: Service charges | D44: 4.25 | E44: # | F44: 4.25 | K44: 4.25
A45: May | B45: British Gas | C45: Electricity charges - Pavilion | D45: 2348.42 | E45: # | F45: 2348.42 | H45: 300.54 | S45: 2047.88
A46: May | B46: G Fenn | C46: Padlock for Overcote heigh barrier reimbursement | D46: 22.5 | E46: # | F46: 22.5 | U46: 22.5
A47: May | B47: Over Carnival | C47: Grant | D47: 1000 | E47: # | F47: 1000 | N47: 1000
A48: June | B48: Clerk’s Salary | C48: Payroll | D48: 1369.87 | E48: # | F48: 1369.87 | I48: 1369.87
A49: June | B49: Clerk’s | C49: Working from home allowance | D49: 25 | E49: # | F49: 25 | I49: 25
A50: June | B50: HMRC | C50: PAYE and NI | D50: 81.94 | E50: # | F50: 81.94 | I50: 81.94
A51: June | B51: HMRC | C51: Employer NI | D51: 168.72 | E51: # | F51: 168.72 | I51: 168.72
A52: June | B52: NEST Pension | C52: Employee contribution | D52: 61.67 | E52: # | F52: 61.67 | I52: 61.67
A53: June | B53: NEST Pension | C53: Employer Contribution | D53: 46.25 | E53: # | F53: 46.25 | I53: 46.25
A54: June | B54: Microsoft | C54: Monthly Charge | D54: 52.16 | E54: # | F54: 52.16 | H54: 8.69 | K54: 43.47
A55: June | B55: Microsoft | C55: Monthly Charge | D55: 10.21 | E55: # | F55: 10.21 | H55: 1.7 | K55: 8.51
A56: June | B56: SCDC | C56: Monthly collection charge | D56: 243.75 | E56: # | F56: 243.75 | R56: 243.75
A57: June | B57: Over Enterprise | C57: Hire of Seminar Room | D57: 36 | E57: # | F57: 36 | H57: 6 | L57: 30
A58: June | B58: Seagrave | C58: Annual playground inspection | D58: 388.8 | E58: # | F58: 388.8 | H58: 64.8 | T58: 324
A59: June | B59: MC Groundcare | C59: Grass cutting/emptying bins | D59: 1140 | E59: # | F59: 1140 | H59: 190 | U59: 950
A60: June | B60: MC Groundcare | C60: Toilet hire Overcote | D60: 444 | E60: # | F60: 444 | H60: 74 | U60: 370
A61: June | B61: Mark Saunders | C61: Internal Audit | D61: 300 | E61: # | F61: 300 | O61: 300
A62: June | B62: D Bridgman | C62: Cleaning | D62: 68 | E62: # | F62: 68 | R62: 68
A63: June | B63: D Bridgman | C63: Maintenance | D63: 153 | E63: # | F63: 153 | R63: 153
A64: June | B64: MC Groundcare | C64: Grass Cutting at the green | D64: 480 | E64: # | F64: 480 | Z64: 480
A65: June | B65: Anglian Water (Wave) | C65: Pavilion water charges | D65: 66.1 | E65: # | F65: 66.1 | P65: 66.1
A66: June | B66: Lloyds | C66: Service charges | D66: 4.25 | E66: # | F66: 4.25 | K66: 4.25
A67: July | B67: Clerk’s Salary | C67: Payroll | D67: 1369.87 | E67: # | F67: 1369.87 | I67: 1369.87
A68: July | B68: Clerk’s | C68: Working from home allowance | D68: 25 | E68: # | F68: 25 | I68: 25
A69: July | B69: HMRC | C69: PAYE and NI | D69: 43.39 | E69: # | F69: 43.39 | I69: 43.39
A70: July | B70: HMRC | C70: Employer NI | D70: 98.5 | E70: # | F70: 98.5 | I70: 98.5
A71: July | B71: NEST Pension | C71: Employee contribution | D71: 61.67 | E71: # | F71: 61.67 | I71: 61.67
A72: July | B72: NEST Pension | C72: Employer Contribution | D72: 46.25 | E72: # | F72: 46.25 | I72: 46.25
A73: July | B73: Microsoft | C73: Monthly Charge | D73: 52.16 | E73: # | F73: 52.16 | H73: 8.69 | K73: 43.47
A74: July | B74: Microsoft | C74: Monthly Charge | D74: 10.21 | E74: # | F74: 10.21 | H74: 1.7 | K74: 8.51
A75: July | B75: SCDC | C75: Monthly collection charge | D75: 243.75 | E75: # | F75: 243.75 | R75: 243.75
A76: July | B76: Over Enterprise | C76: Hire of Seminar Room | D76: 36 | E76: # | F76: 36 | H76: 6 | L76: 30
A77: July | B77: MC Groundcare | C77: Grass cutting/emptying bins/toilet hire | D77: 1428 | E77: # | F77: 1428 | H77: 238 | U77: 1190
A78: July | B78: N Power | C78: Electricity | D78: 28.66 | E78: # | F78: 28.66 | H78: 1.36 | Q78: 27.3
A79: July | B79: MC Groundcare | C79: Grass cutting | D79: 468 | E79: # | F79: 468 | Z79: 468
A80: July | B80: David Bridgman | C80: Cleaning | D80: 68 | E80: # | F80: 68 | S80: 68
A81: July | B81: David Bridgman | C81: Maintenance | D81: 170 | E81: # | F81: 170 | R81: 170
A82: July | B82: Atlas Tree Surgery | C82: Remove dead willow from Fen End | D82: 816 | E82: # | F82: 816 | H82: 136 | P82: 680
A83: July | B83: South Cambs Council | C83: Election Costs | D83: 165 | E83: # | F83: 165 | O83: 165
A84: July | B84: Lloyds | C84: Service charges | D84: 4.25 | E84: # | F84: 4.25 | K84: 4.25
A85: August | B85: Clerk’s Salary | C85: Payroll | D85: 1369.87 | E85: # | F85: 1369.87 | I85: 1369.87
A86: August | B86: Clerk’s | C86: Working from home allowance | D86: 25 | E86: # | F86: 25 | I86: 25
A87: August | B87: HMRC | C87: PAYE and NI | D87: 43.39 | E87: # | F87: 43.39 | I87: 43.39
A88: August | B88: HMRC | C88: Employer NI | D88: 115.53 | E88: # | F88: 115.53 | I88: 115.53
A89: August | B89: NEST Pension | C89: Employee contribution | D89: 61.67 | E89: # | F89: 61.67 | I89: 61.67
A90: August | B90: NEST Pension | C90: Employer Contribution | D90: 46.25 | E90: # | F90: 46.25 | I90: 46.25
A91: August | B91: Microsoft | C91: Monthly Charge | D91: 52.16 | E91: # | F91: 52.16 | H91: 8.69 | K91: 43.47
A92: August | B92: Microsoft | C92: Monthly Charge | D92: 10.21 | E92: # | F92: 10.21 | H92: 1.7 | K92: 8.51
A93: August | B93: SCDC | C93: Monthly collection charge | D93: 243.75 | E93: # | F93: 243.75 | R93: 243.75
A94: August | B94: Over Enterprise | C94: Hire of Seminar Room | D94: 36 | E94: # | F94: 36 | H94: 6 | L94: 30
A95: August | B95: MC Groundcare | C95: Herbicide and fertiliser at Comm Centre | D95: 420
A96: August | B96: MC Groundcare | C96: Overcote | D96: 1164 | E96: # | F96: 1164 | H96: 194 | U96: 970
A97: August | B97: ICO | C97: Data Protection | D97: 47 | E97: # | F97: 47 | O97: 47
A98: August | B98: Safety Signs | C98: Warning sign for Bees at the Oval | D98: 35.81 | E98: # | F98: 35.81 | H98: 5.97 | K98: 29.84
A99: August | B99: Lloyds | C99: Service charges | D99: 4.25 | E99: # | F99: 4.25 | K99: 4.25
A100: September | B100: Clerk’s Salary | C100: Payroll | D100: 1408.11 | E100: # | F100: 1408.11 | I100: 1408.11
A101: September | B101: Clerk’s | C101: Working from home allowance | D101: 25 | E101: # | F101: 25 | I101: 25
...

Sheet Income 2026-2027
B1: Over Parish Council | C1: 553.46
B3: INCOME
A4: Date | B4: Details | D4: BANK | E4: Debtors 2024/2025 | F4: Precept | G4: VAT | H4: Grass Cutting Grant / Maintenance | I4: Lloyds Bank Interest | J4: Saffron B/S Interest | K4: Sports Pavilion | L4: OCA Rent | M4: S106 | N4: Grant | O4: Wayleaves | P4: Green Contract | Q4: Salary | R4: Christmas
D6: £ | F6: £ | G6: £ | H6: £ | I6: £ | J6: £ | K6: £ | M6: £ | O6: £ | P6: £ | Q6: £ | R6: £
A9: 46121 | B9: Lloyds | C9: # | D9: 24.28 | I9: 24.28
A10: 46133 | B10: Precept South Cambs | C10: # | D10: 56250 | F10: 56250
A11: 46136 | B11: Youth Football | C11: # | D11: 70 | K11: 70
A12: 46142 | B12: Saffron Building Society | C12: # | D12: 876.21 | J12: 876.21
A13: 46148 | B13: Youth Football | C13: # | D13: 95 | K13: 95
A14: 46153 | B14: Lloyds | C14: # | D14: 25.07 | I14: 25.07
A15: 46173 | B15: Saffron Building Society | C15: # | D15: 908.05 | J15: 908.05
A16: 46182 | B16: Lloyds | C16: # | D16: 22.73 | I16: 22.73
A17: 46189 | B17: HMRC | C17: # | D17: 960.53 | G17: 960.53
A18: 46191 | B18: Youth Football | C18: # | D18: 80 | K18: 80
A19: 46203 | B19: Saffron Building Society | C19: # | D19: 881.4 | J19: 881.4
A20: 46212 | B20: Lloyds | C20: # | D20: 23.52 | I20: 23.52
A21: 46216 | B21: OCA Rent | C21: # | D21: 20 | L21: 20
A22: 46234 | B22: Saffron Building Society | C22: # | D22: 913.43 | J22: 913.43
A23: 46244 | B23: Lloyds | C23: # | D23: 25.1 | I23: 25.1
A24: 46265 | B24: Saffron Building Society | C24: # | D24: 916.18 | J24: 916.18
A25: 46274 | B25: Lloyds | C25: # | D25: 23.54 | I25: 23.54
A26: 46290 | B26: Precept South Cambs | C26: # | D26: 56250 | F26: 56250
A27: 46290 | B27: Over Cricket Club | C27: # | D27: 450 | K27: 450
B57: =SUM(E57:R57) -> 118815.04 | D57: =SUM(D8:D55) -> 118815.04 | E57: =SUM(E13:E55) -> 0 | F57: =SUM(F9:F55) -> 112500 | G57: =SUM(G9:G55) -> 960.53 | H57: =SUM(H13:H55) -> 0 | I57: =SUM(I8:I55) -> 144.24 | J57: =SUM(J8:J55) -> 4495.27 | K57: =SUM(K11:K55) -> 695 | L57: =SUM(L13:L55) -> 20 | M57: =SUM(M13:M55) -> 0 | N57: =SUM(N13:N55) -> 0 | O57: =SUM(O13:O55) -> 0 | P57: =SUM(P13:P55) -> 0 | Q57: =SUM(Q8:Q54) -> 0 | R57: =SUM(R8:R55) -> 0

Sheet Budget Control
A1: Over Parish Council
A4: Actual | D4: BUDGET | E4: Budget | F4: Budget | G4: Actual | H4: Predict Spend | I4: Budget 2027-2028 | J4: Notes
E5: Left | F5: Proportion | G5: to date
A6: 31st March 26 | D6: 2026-2027 | E6: 2026-2027 | F6: to date
A7: £ | B7: EXPENDITURE | D7: £ | F7: £ | G7: £ | H7: £
B8: Employees
C9: Salaries & Employers Oncosts | D9: 23000 | E9: =(D9-G9) -> 12611.43 | F9: =SUM(D9/12*12) -> 23000 | G9: =('Expenditure 2026-2027'!I247) -> 10388.57 | I9: 24000
C11: Training
A12: 855 | C12: Clerk | D12: 400 | E12: =D12-G12 -> 400 | F12: =SUM(D12/12*12) -> 400 | G12: =('Expenditure 2026-2027'!J247) -> 0 | I12: 0
C13: Councillor | D13: 400 | E13: =D13-G13 -> 400 | F13: =SUM(D13/12*12) -> 400 | I13: 400
B15: General Admin Costs
A16: 1128.97 | C16: Stationery / Admin Costs | D16: 1000 | E16: =(D16-G16) -> 569.84 | F16: =SUM(D16/12*12) -> 1000 | G16: =('Expenditure 2026-2027'!K247) -> 430.16 | I16: 800
A17: 3608.93 | C17: Insurance | D17: 4100 | E17: =(D17-G17) -> 4100 | F17: =SUM(D17/12*12) -> 4100 | G17: =('Expenditure 2026-2027'!M247) -> 0 | I17: 4500
C18: Legal | E18: =(D18-G18) -> 0 | F18: =SUM(D18/12*12) -> 0
A19: 485.1 | C19: PC Meeting Expenses | D19: 700 | E19: =(D19-G19) -> 536.5 | F19: =SUM(D19/12*12) -> 700 | G19: =('Expenditure 2026-2027'!L247) -> 163.5 | I19: 600
A20: 290 | C20: Website Costs | D20: 624 | E20: =(D20-G20) -> 624 | F20: =SUM(D20/12*12) -> 624 | G20: =('Expenditure 2026-2027'!W247) -> 0 | I20: 624
A21: 1829.62 | C21: Memberships / Audit Fees | D21: 1800 | E21: =(D21-G21) -> 457.56 | F21: =SUM(D21/12*12) -> 1800 | G21: =('Expenditure 2026-2027'!O247) -> 1342.44 | I21: 1800
B23: Village & Asset Maintenance
A24: 1450.31 | C24: Repairs - Pavilion | E24: =(D24-G24) -> -2483.9 | F24: =SUM(D24/12*12) -> 0 | G24: =('Expenditure 2026-2027'!S247) -> 2483.9
A25: 11544.7 | C25: Litter & Village Maintenance | D25: 10500 | E25: =(D25-G25) -> 5435.52 | F25: =SUM(D25/12*12) -> 10500 | G25: =('Expenditure 2026-2027'!R247) -> 5064.48 | I25: 10500
A26: 8574.92 | C26: Grass Cutting | D26: 9900 | E26: =(D26-G26) -> 8272.12 | F26: =SUM(D26/12*12) -> 9900 | G26: =('Expenditure 2026-2027'!P247) -> 1627.88
A27: 455 | C27: Play Equipment / Repairs / Benches | D27: 5000 | E27: =(D27-G27) -> 4676 | F27: =SUM(D27/12*12) -> 5000 | G27: =('Expenditure 2026-2027'!T247) -> 324
A28: 6467 | C28: Overcote | D28: 7000 | E28: =(D28-G28) -> -52.5 | F28: =SUM(D28/12*12) -> 7000 | G28: =('Expenditure 2026-2027'!U247) -> 7052.5 | I28: 7250
C29: Ponds | D29: 2500 | E29: =(D29-G29) -> 140 | F29: =SUM(D29/12*12) -> 2500 | G29: =('Expenditure 2026-2027'!AD247) -> 2360
A30: 380 | C30: CCTV | D30: 500 | E30: =(D30-G30) -> 250 | F30: =SUM(D30/12*12) -> 500 | G30: =('Expenditure 2026-2027'!V247) -> 250 | I30: 500
A31: 0 | C31: Defib | D31: 250 | E31: =(D31-G31) -> 250 | F31: =SUM(D31/12*12) -> 250 | G31: =('Expenditure 2026-2027'!AC247) -> 0 | I31: 250
A32: 0 | C32: Bins / Benches / Village Green Bench | D32: 2000 | E32: =(D32-G32) -> 2000 | F32: =SUM(D32/12*12) -> 2000 | I32: 1000
A33: 0 | C33: Giffords Way | D33: 450 | E33: =(D33-G33) -> 450 | F33: =SUM(D33/12*12) -> 450
A34: 639.2 | C34: Street Lighting | D34: 1000 | E34: =(D34-G34) -> 917.64 | F34: =SUM(D34/12*12) -> 1000 | G34: =('Expenditure 2026-2027'!Q247) -> 82.36
C35: Other
B37: Special Projects
A38: 30622.82 | C38: OCA Project | D38: 10000 | E38: 0 | F38: =SUM(D38/12*12) -> 10000 | G38: =('Expenditure 2026-2027'!AA247) -> 0
A39: 2088 | C39: Green Contract | D39: 5000 | E39: =(D39-G39) -> 3440 | F39: =SUM(D39/12*12) -> 5000 | G39: =('Expenditure 2026-2027'!Z247) -> 1560
A40: 0 | C40: Santa Trip | D40: 130 | E40: =(D40-G40) -> -378.29 | F40: =SUM(D40/12*12) -> 130 | G40: =('Expenditure 2026-2027'!X247) -> 508.29
A41: 2620.95 | C41: Christmas Lights | D41: 500 | E41: =(D41-G41) -> 500 | F41: =SUM(D41/12*12) -> 500
C42: British Legion Events | D42: 1400 | E42: =(D42-G42) -> 1400 | F42: =SUM(D42/12*12) -> 1400
A43: 1500 | C43: Fireworks | D43: 1600 | E43: =(D43-G43) -> 1600 | F43: =SUM(D43/12*12) -> 1600
A44: 0 | C44: Carnival | D44: 500 | F44: =SUM(D44/12*12) -> 500 | G44: 1000 | I44: 500
A45: 65869.82 | C45: Skate Park | D45: 5000 | E45: =(D45-G45) -> 5000 | F45: =SUM(D45/12*12) -> 5000 | G45: =('Expenditure 2026-2027'!Y247) -> 0 | I45: 5000
B46: Grants to Voluntary Orgainsations
A47: 0 | C47: Over Day Centre | D47: 9000 | E47: =(D47-G47) -> 9000 | F47: =SUM(D47/12*12) -> 9000
A48: 0 | C48: Youth Centre | D48: 1000 | E48: =(D48-G48) -> 1000 | F48: =SUM(D48/12*12) -> 1000
A49: 9285.23 | C49: Other | D49: 0 | E49: =(D49-G49) -> 0 | F49: =SUM(D49/12*12) -> 0
C50: FOPS | D50: 0 | E50: =(D50-G50) -> -10000 | F50: =SUM(D50/12*12) -> 0 | G50: 10000
C51: LHI | D51: 10375
B52: TOTAL EXPENDITURE
C53: TOTAL | D53: =SUM(D9:D52) -> 115629 | E53: =SUM(E9:E52) -> 51115.92 | F53: =SUM(D53/12*12) -> 115629 | G53: =SUM(G9:G52) -> 44638.08 | H53: =SUM(H9:H52) -> 0 | I53: =SUM(I9:I52) -> 57724
B56: INCOME
A57: -105000 | C57: Precept | D57: -105000 | F57: =SUM(D57/12*12) -> -105000 | G57: =('Income 2026-2027'!F57) -> 112500
A58: -1550.16 | C58: Interest - uncapitalised | D58: -2500 | F58: =SUM(D58/12*12) -> -2500 | G58: =('Income 2026-2027'!I57) -> 144.24
C59: Interest - Saffron Bank | G59: =('Income 2026-2027'!J57) -> 4495.27
A60: -1280 | C60: Pavillion Charges | D60: -1200 | F60: =SUM(D60/12*12) -> -1200 | G60: =('Income 2026-2027'!K57) -> 695
A61: -17610.62 | C61: VAT 126 Reimbursement | F61: =SUM(D61/12*12) -> 0 | G61: =('Income 2026-2027'!G57) -> 960.53
A62: -220551.47 | C62: S106 Payment | F62: =SUM(D62/12*12) -> 0 | G62: =('Income 2026-2027'!M57) -> 0
A63: 0 | C63: Wayleaves | D63: -25 | F63: =SUM(D63/12*12) -> -25 | G63: =('Income 2026-2027'!O57) -> 0
A64: 0 | C64: Grant | F64: =SUM(D64/12*12) -> 0
A65: 0 | C65: OCA Rent | D65: -10 | F65: =SUM(D65/12*12) -> -10 | G65: =('Income 2026-2027'!L57) -> 20
A66: -934.25 | C66: Other | F66: 0
A67: =SUM(A57:A66) -> -346926.5 | B67: TOTAL INCOME | D67: =SUM(D57:D66) -> -108735 | E67: =SUM(E57:E66) -> 0 | F67: =SUM(F57:F66) -> -108735 | G67: =SUM(G57:G66) -> 118815.04 | I67: =SUM(I57:I66) -> 0
F70: Income | G70: =G67 -> 118815.04 | I70: =SUM(I53-I67) -> 57724
A72: 34780.29 | C72: VAT Expenditure | F72: Vat | G72: =('Expenditure 2026-2027'!H247) -> 2795.12
A74: =A72+A52 -> 34780.29 | C74: Total Exp (including VAT) | F74: Total Exp | G74: =G53+G72 -> 47433.2
A77: [ 2 ] | F77: 46112
E79: £ | F79: £ | G79: £
C81: Current Account | F81: 49436.19
C82: High Interest | F82: 57166.95
C83: High Interest Saffron | F83: 301145.52
C85: Less unpresented cheques
F86: =SUM(E86) -> 0
F87: =SUM(E87) -> 0
C88: Add outstanding credits | F88: =SUM(E88) -> 0
F90: =SUM(F81:F88) -> 407748.66
G92: =SUM(F90:F92) -> 407748.66
C95: Current Account | F95: 116178.52
C96: High Interest Lloyds | F96: 57311.19
C97: High Interest Saffron BS | F97: 305640.79
C98: Less unpresented payments
C99: Plus outstanding credits
E100: =SUM(E96:E99) -> 0
F101: =E100 -> 0
F103: =SUM(F95:F101) -> 479130.5
G105: =SUM(F103:F105) -> 479130.5
G107: =G92-G105 -> -71381.84
C109: Expenditure | D109: (Excl investments) | F109: =-('Expenditure 2026-2027'!F247) -> -47433.2
C111: Income | D111: (Excl investments) | F111: =('Income 2026-2027'!D57) -> 118815.04 | G111: =SUM(F109:F111) -> 71381.84
G113: =SUM(G107:G111) -> 0 | I113: (0.00 means accounts balance)

Sheet Ear Marked Reserves
A1: Section 106
A3: Received | B3: Amount | C3: For
A4: 07.07.2022 | B4: 93266.64 | C4: Longstanton Road
D5: 14811.67 | E5: OCA - Resurfacing of car park, Foyer Upgrade or Air Conditioning)
D6: 32624.81 | E6: Play Area - Village Green
D7: 45830.16 | E7: Play Area on the Green / Skatepark/ Play Area Community Centre
A9: 25.04.2023 | B9: 75302.18 | C9: Fen End
D10: 11679.96 | E10: OCA - Resurfacing of car park, Foyer Upgrade or Air Conditioning)
D11: 25726.76 | E11: Pavilion on Green - Upgrade changing Facalities
D12: 35513.84 | E12: Skate Park and or Play Area at The Doles.
D13: 2381.62 | E13: Overcote Project
A15: 25.04.2023 | B15: 110147.58 | C15: Mill Road
D16: 75754.79 | E16: Improve Willingham Road Sports Pavilion / and or improve skate park
D17: =D16-F37 -> 30813.56 | E17: (£33,852.80 spent on Pavilion Heating, Re-roofing, loft hatch, guttering)
D18: 34392.79 | E18: OCA - Resurfacing of car park, Foyer Upgrade or Air Conditioning)
A20: 06.10.2025 | B20: 202355.75 | C20: New Road | D20: 77359.59 | E20: Off site childrens play space
D21: 77359.59 | E21: Off site sport space
D22: 25203.4 | E22: Off site community facilities
D23: 4722.77 | E23: Green infrastructure
D24: 17710.4 | E24: Off site recreation
A26: 31.10.2025 | B26: 18195.72 | D26: 18195.72 | E26: Mill Road bus shelter maintenance
A28: Total | B28: =SUM(B4:B23) -> 481072.15
A31: Name | B31: Reserve Amount | E31: S106 Money Spent | I31: S106 Allocations
A32: Land Price Reserve | B32: 1435.93 | E32: Date | F32: Total | G32: S106 | J32: Total | K32: Spent | L32: Total Left
A33: Village Recreation Ground | B33: 1242.86 | E33: 11.05.2021 Hot water & Heating (Pavilion) K Unwin | F33: 19987.2 | G33: Mill Road | I33: OCA - Carpark, Foyer, Toilets | J33: =D18+D10+D5 -> 60884.42 | K33: =55465+5419.42 -> 60884.42 | L33: =J33-K33 -> 0
A34: Tree Works @ the Green | B34: 65 | E34: 13.11.2018 Re-roofing the Pavilion MT Roofing | F34: 13215.6 | G34: Mill Road | I34: Play Area Vilage Green | J34: =D6 -> 32624.81 | K34: 32624.81 | L34: =J34-K34 -> 0
A35: Play Equipment Fund | B35: 6532.88 | E35: 14.04.2020 Loft hatch in Pavilion AJ Wookey | F35: £450.00 | G35: Mill Road | I35: Play Area The Doles / Skate Park / Village Green | J35: =D12+D7 -> 81344 | K35: 86764.87 | L35: -5420.87
A36: Public Open Space - Sandpit Pond | B36: 10080.84 | E36: 10.11.2020 Re-working loft hatch AJ Wookey | F36: 650 | G36: Mill Road | I36: Changing Facalities Pavilion | J36: =D11 -> 25726.76 | K36: 25726.76 | L36: =J36-K36 -> 0
A37: Public Open Space - Giffords Way | B37: 13492 | E37: 01.03.2024 Green play area Eibe | F37: 44941.23 | G37: Longstan | I37: Overcote | J37: =D13 -> 2381.62 | L37: =J37-K37 -> 2381.62
A38: Election Costs | B38: 2500 | E38: 10.04.2024 Green Play Area Eibe | F38: 38156 | G38: Longstan | I38: Skate Park | J38: =D17 -> 30813.56 | K38: =F39+F41+F43 -> 30813.56 | L38: =J38-K38 -> 0
A39: Legal Fees | B39: 3600 | E39: 19.09.2024 Skate Park FCC Grant | F39: 10750 | G39: Fen End | I39: Off site childrens play space | J39: 77359.359 | L39: =J39-K39 -> 77359.359
A40: Mobile Warden | B40: 2500 | E40: 09.10.2024 Tarmacking OCA | F40: 55465 | I40: Off site sport space | J40: 77359.36 | L40: =J40-K40 -> 77359.36
A41: OCA joint projects | B41: 0 | E41: 04.12.2024 Skate Park Survey Betong | F41: 6046.85 | I41: Off site community facilities | J41: 25203.4 | K41: 25203.4 | L41: =J41-K41 -> 0
A42: Equipment Replacement Fund | B42: 241 | E42: 10.01.2025 Community Play Area Eibe | F42: 36292.45 | I42: Green infrastructure | J42: 4722.77 | L42: =J42-K42 -> 4722.77
A43: Pavilion Works | B43: =F37 -> 44941.23 | E43: 28.04.2025 Skate Park Betong | F43: 14016.71 | I43: Off site recreation | J43: 17710.4 | L43: =J43-K43 -> 17710.4
E44: 09.12.2025 OCA Air Con OCA | F44: 25203.4 | G44: New Road | I44: Mill Road bus shelter maintenance | J44: 18195.72 | L44: =J44-K44 -> 18195.72
D47: Lloyds Bank | J47: =SUM(J33:J46) -> 454326.18 | K47: =SUM(K33:K46) -> 262017.82 | L47: =SUM(L33:L46) -> 192308.36
A48: Total | B48: =SUM(B32:B47) -> 86631.74 | D48: 53594.48 | E48: Total | F48: =SUM(F33:F47) -> 264724.44
D49: 357094.64
A50: Date | B50: 46069 | D50: =SUM(D48:D49) -> 410689.12 | E50: Green Contract
A51: S106 | B51: =L47 -> 192308.36 | E51: ='[1]Green Charity'!D22 -> 4975.39
A52: Reserves | B52: =B48 -> 86631.74
A53: Green Charity | B53: =E51 -> 4975.39
A54: General Fund | B54: =D50-B51-B52-B53 -> 126773.63

Sheet VAT
A1: Over Parish Council : DETAILS OF VAT INVOICES
A3: Date | B3: PAYEE | C3: Invoice Number | D3: VAT REG | E3: Description | F3: To | G3: VAT
A4: 46023 | B4: N Power | C4: IN14677332 | D4: 559097889 | E4: Electricity | F4: Over PC | G4: 3.09
A5: 46023 | B5: Over Community Enterprises | C5: 9975 | D5: 665627896 | E5: Meeting Room Hire | F5: Over PC | G5: 8.7
A6: 46023 | B6: Parish Online | C6: 12UG076-0001 | D6: 450954778 | E6: Website | F6: Over PC | G6: 58
A7: 46023 | B7: Microsoft | C7: G132803047 | D7: 724594615 | E7: Subscription | F7: Over PC | G7: 8.28
A8: 46023 | B8: Microsoft | C8: G134938469 | D8: 724594615 | E8: Subscription | F8: Over PC | G8: 1.7
A9: 46054 | B9: Microsoft | C9: G138538710 | D9: 724594615 | E9: Subscription | F9: Over PC | G9: 8.69
A10: 46023 | B10: British Gas | C10: 13538677 | D10: 684966762 | E10: Electricity | F10: Over PC | G10: 9.4
A11: 46040 | B11: Krystal Hosting | C11: 2389573 | D11: 884982260 | E11: Domain Renewal | F11: Over PC | G11: 3.2
A12: 46064 | B12: Microsoft | C12: G14014369 | D12: 724994615 | E12: Subscription | F12: Over PC | G12: 1.7
A13: 46054 | B13: Over Community Enterprises | C13: 10025 | D13: 665627896 | E13: Meeting Room Hire | F13: Over PC | G13: 8.7
A14: 46061 | B14: British Gas | C14: 13841726 | D14: 684966762 | E14: Electriciy Charges | F14: Over PC | G14: 10.1
A15: 46089 | B15: British Gas | C15: 14156815 | D15: 684966762 | E15: Electricity Charges | F15: Over PC | G15: 8.71
A16: 46086 | B16: Microsoft | C16: G144343067 | D16: 7245914615 | E16: Subscription | F16: Over PC | G16: 8.69
A17: 46092 | B17: Microsoft | C17: G146408963 | D17: 7245914615 | E17: Subscription | F17: Over PC | G17: 1.7
A18: 46092 | B18: Viking Office UK Ltd | C18: 4410512305 | D18: 536153357 | E18: Printer Ink | F18: Over PC | G18: 12.59
A19: 46112 | B19: Over Community Centre | C19: 10063 | D19: 665627896 | E19: Meeting Room Hire | F19: Over PC | G19: 8.7
A20: 46113 | B20: Advance Security Ltd | C20: 136394 | D20: 720391756 | E20: CCTV Annual Service | F20: Over PC | G20: 50
A21: 46119 | B21: British Gas | C21: 14463780 | D21: 684966762 | E21: Electricity charges | F21: Over PC | G21: 9.05
A22: 46115 | B22: Npower | C22: IN15224579 | D22: 559097889 | E22: Electricity charges | F22: Over PC | G22: 2.75
A23: 46117 | B23: Microsoft | C23: G150236958 | D23: 724594615 | E23: Subscription | F23: Over PC | G23: *
A24: 46123 | B24: Microsoft | C24: G152340831 | D24: 724594615 | E24: Subscription | F24: Over PC | G24: 1.7
A25: 46113 | B25: MC Groundcare | C25: INV-0176 | D25: 489998674 | E25: Grass Cutting/Height Barrier | F25: Over PC | G25: 599
A26: 46142 | B26: Over Community Centre | C26: 10093 | D26: 665627896 | E26: Meeting Room Hire | F26: Over PC | G26: 6
A27: 46147 | B27: Microsoft | C27: G156223454 | D27: 724594615 | E27: Subscription | F27: Over PC | G27: 8.69
A28: 46153 | B28: Microsoft | C28: GB-TI2602300590 | D28: 724594615 | E28: Subscription | F28: Over PC | G28: 1.7
A29: 46146 | B29: MC Groundcare | C29: INV-0213 | D29: 489998674 | E29: Grass Cutting | F29: Over PC | G29: 111
B30: VAT RECLAIM MADE
A31: 46142 | B31: Over Community Centre | C31: 10093 | D31: 665627896 | E31: Meeting Room Hire | F31: Over PC | G31: `
A32: 46150 | B32: British Gas | C32: 14796895 | D32: 684966762 | E32: Electricity Charges | F32: Over PC | G32: 300.54
A33: 46178 | B33: Microsoft | C33: G162424071 | D33: 724594615 | E33: Subscription | F33: Over PC | G33: 8.69
A34: 46184 | B34: Microsoft | C34: G164613973 | D34: 724594615 | E34: Subscription | F34: Over PC | G34: 1.7
A35: 46173 | B35: Over Community Centre | C35: 10124 | D35: 665627896 | E35: Meeting Room Hire | F35: Over PC | G35: 6
A36: 46160 | B36: Seagrave Inspection Services | C36: INV-2466 | D36: 980346115 | E36: Playground Inspection | F36: Over PC | G36: 64.8
A37: 46175 | B37: MC Groundcare | C37: INV-0256 | D37: 489998674 | E37: Grass Cutting | F37: Over PC | G37: 190
A38: 46175 | B38: MC Groundcare | C38: INV-0257 | D38: 489998674 | E38: Toilet Hire | F38: Over PC | G38: 74
A39: 46208 | B39: Microsoft | C39: G168705606 | D39: 724594615 | E39: Subscription | F39: Over PC | G39: 8.69
A40: 46214 | B40: Microsoft | C40: G170913412 | D40: 724594615 | E40: Subscription | F40: Over PC | G40: 1.7
A41: 46216 | B41: Atlas Tree Surgery | C41: 9880 | D41: 883442602 | E41: Remove dead tree | F41: Over PC | G41: 136
A42: 46205 | B42: MC Groundcare | C42: INV-0292 | D42: 489998674 | E42: Grass Cutting/Toilet Hire | F42: Over PC | G42: 238
A43: 46203 | B43: Over Community Centre | C43: 10151 | D43: 665627896 | E43: Meeting Room Hire | F43: Over PC | G43: 6
A44: 46206 | B44: Npower | C44: IN15869758 | D44: 559097889 | E44: Electricity Charges | F44: Over PC | G44: 1.36
A45: 46237 | B45: MC Groundcare | C45: INV-0305 | D45: 489998674 | E45: Grass Cutting/Toilet Hire | F45: Over PC | G45: 194
A46: 46245 | B46: Microsoft | C46: G177412643 | D46: 724594615 | E46: Subscription | F46: Over PC | G46: 1.7
A47: 46239 | B47: Microsoft | C47: G175090015 | D47: 724594615 | E47: Subscription | F47: Over PC | G47: 8.69
A48: 46267 | B48: Glasdon | C48: SI945131 | D48: 155847044 | E48: Replacement Bin Lid | F48: Over PC | G48: 35.51
A49: 46276 | B49: Microsoft | C49: G184194177 | D49: 724594615 | E49: Subscription | F49: Over PC | G49: 1.7
A50: 46270 | B50: Microsoft | C50: G181902768 | D50: 724594615 | E50: Subscription | F50: Over PC | G50: 8.69
A51: 46279 | B51: Field Compost Ltd | C51: 52606 | D51: 985418281 | E51: Soil and turf | F51: Over PC | G51: 453.84
A52: 46279 | B52: Festoon Lights | C52: INV-GB-2878 | D52: 309488866 | E52: Christmas Lights | F52: Over PC | G52: 101.67
A53: 46272 | B53: A R Aspinall & Sons | C53: IN195415 | D53: 214728962 | E53: Topsoil | F53: Over PC | G53: 40
H84: .
G111: =SUM(G4:G110) -> 2835.12

Sheet Green Charity
B1: Green Charity
B3: Balance as of 1st April 2025
A5: Date | B5: Expenses | D5: Total | H5: Date | I5: Income | J5: Total
A7: 45748 | B7: MC Garden Maintenance | C7: # | D7: 72 | I7: Over PC internal transfer
A8: 45778 | B8: MC Garden Maintenance | C8: # | D8: 348
A9: 45810 | B9: MC Garden Maintenance | C9: # | D9: 420
A10: 45841 | B10: MC Garden Maintenance | C10: # | D10: 240
A11: sept | B11: MC Garden Maintenance | C11: # | D11: 432
A12: oct | B12: MC Garden Maintenance | C12: # | D12: 288
A13: dec | B13: MC Garden Maintenance | C13: # | D13: 288
A14: July | B14: MC Garden Maintenance | C14: # | D14: 468
B23: Total | D23: =D3-D7-D8-D9-D10-D11-D12-D13+J7-D14-D15-D16 -> -2556
